Map: Frozen Temple

Players

Maniek

  • Race: Protoss Protoss
  • League: Master

Miszu - Winner!

  • Race: Terran Terran
  • League: Master

VOD

Have the link to the VOD?

Description

Time

  • Played on: May 3, 2016, 12:52 p.m.
  • Length: 2:56
Show
View Real Time Build Order
Export as new Build Order

Maniek Protoss 

Build Orders: 1 Gate Expand 

Get SALT Encoding   

  12  0:01  Probe (Chrono Boost)  
  13  0:11  Probe (Chrono Boost)  
  14  0:18  Pylon  
  14  0:22  Probe (Chrono Boost)  
  15  0:36  Probe (Chrono Boost)  
  15  0:37  Gateway  
  15  0:42  Assimilator  
  16  0:47  Probe (Chrono Boost)  
  17  0:58  Probe (Chrono Boost)  
  18  1:08  Probe (Chrono Boost)  
  19  1:18  Nexus  
  19  1:27  Cybernetics Core  
  19  1:31  Probe (Chrono Boost)  
  20  1:42  Zealot (Chrono Boost)  
  20  1:46  Pylon  
  22  1:54  Gateway  
  21  2:18  Stalker (Chrono Boost), Probe  
  22  2:31  Mothership Core  
Show
View Real Time Build Order
Export as new Build Order

Miszu Terran - Winner!

Build Orders:  

Get SALT Encoding   

  12  0:00  SCV  
  13  0:12  SCV  
  14  0:18  Supply Depot  
  14  0:24  SCV  
  15  0:40  Barracks  
  15  0:53  Barracks  
  15  1:05  Barracks  
  15  1:26  Marine  
  15  1:27  Barracks  
  16  1:40  Marine  
  16  1:44  Marine  
  18  1:54  Marine  
  19  1:58  Bunker, Marine  
  20  2:02  Marine  
  20  2:03  Supply Depot  
  21  2:11  Marine  
  21  2:14  Marine  
  23  2:24  Marine x2  
  25  2:33  Marine x2  
Tags
 
Add a new tag
Caveats
  • Supply blocks, unpowered buildings, or Contaminate may cause inaccurate times.
  • Supply counts are checked every 10 seconds.